 Dungeon Crawl Stone Soup version 0.32-a0-996-gb3226c233f (webtiles) character file.

Game seed: 5804762863441916379

1640 javelincjr the Magician (level 8, -1/57 HPs)
             Began as a Demigod Summoner on Apr 23, 2024.
             Slain by a water moccasin (8 damage)
             ... on level 6 of the Dungeon.
             The game lasted 00:26:35 (6239 turns).

javelincjr the Magician (Demigod Summoner)          Turns: 6239, Time: 00:26:35

Health: -1/57      AC:  5    Str: 15    XL:     8   Next: 39%
Magic:  11/20      EV: 13    Int: 25    God:
Gold:   338        SH:  0    Dex: 14    Spells: 13/19 levels left

rFire   . . .        o - +0 trident
rCold   . . .        (no shield)
rNeg    . . .        a - +0 robe
rPois   .            G - +1 hat
rElec   .            (no cloak)
rCorr   .            d - +1 pair of gloves
SInv    .            (no boots)
Will    .....        (no amulet)
Stlth   +++          j - ring of flight
HPRegen 0.29/turn    I - +6 ring of strength
MPRegen 0.17/turn

%: no passive effects
@: flying, inugami summoned
A: high MP 1, forlorn, divine attributes
a: no special abilities


You were on level 6 of the Dungeon.
You visited 1 branch of the dungeon, and saw 6 of its levels.

You collected 415 gold pieces.
You spent 77 gold pieces at shops.

Inventory:

Hand Weapons
 e - a +0 flail
 f - a +0 sling
 o - a +0 trident (weapon)
 q - a +0 sling
 A - a +0 war axe of venom
Missiles
 m - 30 poisoned darts
Armour
 a - a +0 robe (worn)
 d - a +1 pair of gloves (worn)
 g - a +0 ring mail
 G - a +1 hat (worn)
Magical Staves
 n - a staff of air
 B - a staff of cold
Jewellery
 j - a ring of flight (left hand)
 p - a ring of protection from cold
 I - a +6 ring of strength (right hand)
Wands
 v - a wand of flame (21)
 E - a wand of charming (19)
Scrolls
 h - 6 scrolls of teleportation
 k - a scroll of fear
 u - 2 scrolls of noise {unknown}
 w - 2 scrolls of butterflies
 x - 5 scrolls of identify {unknown}
 y - 2 scrolls of revelation {unknown}
 D - a scroll of blinking {unknown}
Potions
 b - 2 potions of magic
 c - a potion of lignification {unknown}
 i - a potion of berserk rage {unknown}
 l - 6 potions of curing {unknown}
 r - a potion of brilliance {unknown}
 s - 2 potions of resistance {unknown}
 t - 2 potions of heal wounds {unknown}
 z - 2 potions of degeneration {unknown}
 C - 2 potions of enlightenment {unknown}
 F - 2 potions of might {unknown}
 H - a potion of ambrosia {unknown}
 J - a potion of invisibility {unknown}


   Skills:
 + Level 4.7 Dodging
 + Level 5.1 Stealth
 * Level 6.1 Spellcasting
 + Level 5.8 Summonings


You had 13 spell levels left.
You knew the following spells:

 Your Spells              Type           Power      Damage    Failure   Level
a - Summon Small Mammal   Summ           100%       N/A       1%          1
b - Call Imp              Summ           72%        N/A       1%          2
c - Call Canine Familiar  Summ           36%        N/A       1%          3

Your spell library contained the following spells:

 Spells                   Type           Power      Damage    Failure   Level
 Tukima's Dance           Hex            7%         N/A       22%         3
 Summon Blazeheart Golem  Fire/Summ      22%        N/A       22%         4
 Summon Lightning Spire   Summ/Air       22%        N/A       22%         4
 Dimensional Bullseye     Hex/Tloc       3%         N/A       58%         4
 Iskenderun's Mystic Bla Conj/Tloc 7%             2d4        (+2d1     58%         4
 Death Channel            Necr           3%         N/A       100%        6
 Sculpt Simulacrum        Ice/Alch       3%         N/A       100%        6
 Rimeblight               Ice/Necr       3%         2d3       (prima100%   7


Dungeon Overview and Level Annotations

Branches:
Dungeon (6/15)
 Temple: D:4-7

Shops:
D:3 (?*


Innate Abilities, Weirdness & Mutations

You have an increased reservoir of magic. (+10% MP)
You shall have no god before yourself.
Your divine heritage dramatically boosts your attributes as you level up.


Message History

Casting: Call Imp (safe; 1% risk of failure)
Confirm with . or Enter, or press ? or * to list all spells.
You imbue your familiar with magical energy and its fangs glint viciously.
Your inugami misses the water moccasin. Your inugami hits the ogre.
Your inugami closely misses the water moccasin.
Your cerulean imp hits the ogre but does no damage.
Your inugami closely misses the water moccasin.
Your cerulean imp hits the ogre from afar with a -1 spear.
The ogre dies!
Your inugami hits the water moccasin!
You start resting.
Your cerulean imp barely misses the water moccasin.
A water moccasin is nearby!
A water moccasin is nearby!
Your cerulean imp hits the water moccasin from afar with a -1 spear.
Your inugami barely misses the water moccasin.
The water moccasin closely misses your cerulean imp.
Your cerulean imp misses the water moccasin.
The water moccasin closely misses your cerulean imp.
Your inugami barely misses the water moccasin.
Your cerulean imp misses the water moccasin.
The water moccasin bites your cerulean imp.
Your cerulean imp disappears in a puff of smoke!
Your inugami completely misses the water moccasin.
Casting: Call Canine Familiar (safe; 1% risk of failure)
Confirm with . or Enter, or press ? or * to list all spells.
A tiny devil pulls itself out of the air.
The water moccasin attacks as it pursues you!
The water moccasin completely misses you.
Your cerulean imp barely misses the water moccasin.
You hit the water moccasin but do no damage.
The water moccasin is almost dead.
The water moccasin closely misses you.
Your cerulean imp closely misses the water moccasin.
The water moccasin bites you.
* * * LOW HITPOINT WARNING * * *
You miss the water moccasin.
The water moccasin is almost dead.
The water moccasin bites you!
You die...

......."..##.......>..ß#ß.##..
.................##.#.#[#.##.#
.........#.......#÷÷..ß#ß.##..
......>.##................#...
..)....(##........##..........
##...#...#...(........#...
#..#)....#5##.........##..
#..#.............#..#..#.#
#......hS@..<....#........
###..............>.....##..
#.........#..##.#.......#..
#.......#.#.....#......###.
#...#..................##..
#####....##..........#h....
##..............###.###
#...........#.###...##.
#....##.....#.###......


You could see a water moccasin (ally target), a friendly cerulean imp (summoned)
and a friendly inugami (summoned).

Vanquished Creatures
  The ghost of Maxmaps the Ducker, an amateur GnMo of Cheibriados (D:3)
  A bullfrog (D:6)
  A hound (D:4)
  A jelly (D:4)
  2 sleepcaps (D:5)
  2 iguanas
  Natasha (twice) (D:2)
  3 adders
  A gnoll (D:6)
  A shadow imp (D:5)
  4 orcs
  A bat (D:1)
  2 endoplasms
  A goblin (D:2)
  A hobgoblin (D:3)
  2 quokkas
  A ball python (D:2)
  2 frilled lizards
  A kobold (D:1)
  3 rats
33 creatures vanquished.

Vanquished Creatures (collateral kills)
  An ice beast (D:6)
  2 black bears
  3 ogres
  A kobold brigand (D:6)
  A bullfrog (D:6)
  A scorpion (D:4)
  A howler monkey (D:5)
  A hound (D:4)
  An orc priest (D:3)
  Natasha (D:2)
  4 iguanas
  2 orc wizards
  3 gnolls (D:6)
  3 adders
  2 ufetubi (D:6)
  A dart slug (D:1)
  7 orcs
  4 endoplasms
  3 goblins
  4 hobgoblins
  5 kobolds
  A quokka (D:4)
  3 ball pythons
  A frilled lizard (D:3)
  A rat (D:2)
57 creatures vanquished.

Grand Total: 90 creatures vanquished

Notes
Turn   | Place    | Note
-------+----------+-------------------------------------------
     0 | D:1      | javelincjr the Demigod Summoner began the quest for the
                  | Orb.
     0 | D:1      | Reached XP level 1. HP: 14/14 MP: 5/5
   239 | D:1      | Reached skill level 2 in Spellcasting
   518 | D:1      | Reached XP level 2. HP: 20/20 MP: 2/7
  1048 | D:2      | Learned a level 2 spell: Call Imp
  1092 | D:2      | Noticed Natasha
  1103 | D:2      | Killed Natasha
  1104 | D:2      | Reached XP level 3. HP: 9/26 MP: 5/9
  1516 | D:2      | Noticed Natasha
  1522 | D:2      | HP: 1/26 [Natasha/puff of flame (8)]
  1545 | D:2      | Killed Natasha
  1857 | D:2      | Noticed Natasha
  1867 | D:2      | Killed Natasha
  1868 | D:2      | Reached XP level 4. HP: 24/33 MP: 3/11
  1977 | D:3      | Found Afypsykk's Magic Scroll Shop.
  2005 | D:3      | Bought a scroll of teleportation for 33 gold pieces
  2005 | D:3      | Bought a scroll of butterflies for 44 gold pieces
  2072 | D:3      | Found Zygot's General Store.
  2160 | D:3      | Reached skill level 3 in Spellcasting
  2237 | D:3      | Learned a level 3 spell: Call Canine Familiar
  2537 | D:3      | Found Nuem Targh's Antique Weapon Shop.
  2615 | D:3      | Reached XP level 5. HP: 9/38 MP: 3/12
  2776 | D:3      | Found a runed translucent gate.
  2776 | D:3      | Found a runed translucent gate.
  2782 | D:3      | Found a runed translucent gate.
  2784 | D:3      | Noticed Maxmaps's ghost (amateur GnMo)
  3215 | D:3      | Killed Maxmaps's ghost
  3216 | D:3      | Reached skill level 4 in Spellcasting
  3216 | D:3      | Reached XP level 6. HP: 35/45 MP: 4/15
  3952 | D:4      | Reached XP level 7. HP: 30/50 MP: 12/17
  4488 | D:5      | Entered Level 5 of the Dungeon
  4592 | D:5      | Reached skill level 5 in Summonings
  4738 | D:5      | Reached skill level 5 in Spellcasting
  5655 | D:6      | Reached XP level 8. HP: 57/57 MP: 14/19
  5883 | D:6      | Reached skill level 5 in Stealth
  6122 | D:6      | Reached skill level 6 in Spellcasting
  6239 | D:6      | Slain by a water moccasin

Illustrated notes

Levels and vault maps discovered:
D:1:      dpeg_arrival_simpleton_a, layout_basic
D:2:      layout_loops_ring, uniq_natasha
D:3:      layout_loops_ring, ebering_ecumenical_altar_ruins, serial_shops, shop,
          nicolae_shop_real_fake_doors, nicolae_shop_tiny_real_fake_doors,
          ebering_ghost_gozag
D:4:      layout_basic, nemelex_xobeh_ov_fountains_minmay, chequers_garden
D:5:      layout_basic
D:6:      layout_cave_pools, mainiacjoe_overflow_surrounded_room,
          nrook_pool_corridor, minmay_statues_item, hangedman_decor_opposing

Skill      XL: |  1  2  3  4  5  6  7  8 |
---------------+-------------------------+-----
Stealth        | 2 3 4 5 |  5.1
Spellcasting   | 2 3 4 5 6 |  6.1
Dodging        | 2 3 4 |  4.7
Summonings     | 4 5 |  5.8

Action                     |  1- 3 |  4- 6 |  7- 9 || total
---------------------------+-------+-------+-------++-------
  Melee: Flail             |     9 |       |       ||     9
         Staff             |    13 |       |       ||    13
         Trident           |    12 |    66 |    85 ||   163
   Cast: Summon Small Mamm |    26 |    20 |    11 ||    57
         Call Imp          |     9 |    19 |    23 ||    51
         Call Canine Famil |       |    18 |    22 ||    40
    Use: Scroll            |       |     3 |       ||     3
   Stab: Sleeping          |     1 |     5 |     2 ||     8
         Distracted        |       |     2 |       ||     2
 Armour: Robe              |    29 |    32 |    41 ||   102
  Dodge: Dodged            |    24 |    30 |    52 ||   106

Table legend: (Time is in decaauts)
 A = Elapsed time spent in this place.
 B = Non-inter-level travel time spent in this place.
 C = Inter-level travel time spent in this place.
 D = Time resting spent in this place.
 E = Time spent auto-exploring this place.
 F = Levels seen in this place.
 G = Mean time per level.
                   A        B        C        D        E       F      G
               +--------+--------+--------+--------+--------+-----+--------+
         Total |   6297 |   6122 |    175 |    170 |   4780 |   6 | 1049.5 |
       Dungeon |   6297 |   6122 |    175 |    170 |   4780 |   6 | 1049.5 |
               +--------+--------+--------+--------+--------+-----+--------+

Top non-repeatable levels by time:
     D:3: 1336 daAuts
     D:4: 1106 daAuts
     D:2: 1075 daAuts
     D:1: 999 daAuts
     D:6: 905 daAuts
     D:5: 873 daAuts
